Winnipeg Jets vs Colorado Rockies
(R1)
Created - Thursday, February 13, 2025 at 08:53
Goals
|
| Winnipeg Jets |
2 |
2 |
1 |
5 |
| Colorado Rockies |
1 |
0 |
3 |
4 |
|
Shots
|
| Winnipeg Jets |
6 |
11 |
8 |
25 |
| Colorado Rockies |
4 |
10 |
10 |
24 |
|
1st period
1. Colorado Rockies , Kyle Connor 3 (David Pastrnak 7, Nick Schmaltz 5) at 0:26
2. Winnipeg Jets , Adam Lowry 3 (Oliver Ekman-Larsson 1) at 6:28
3. Winnipeg Jets , Adam Lowry 4 (Connor Bedard 6, Joel Armia 3) at 13:23
Penalties :
Connor McDavid (WPG) for Slashing (Minor) at 2:56, Dylan Samberg (WPG) for Roughing (Minor) at 10:51, Nikita Zadorov (COL) for Holding (Minor) at 13:45
2nd period
4. Winnipeg Jets , Jason Zucker 5 (Adam Lowry 2, Barclay Goodrow 3) at 5:21
5. Winnipeg Jets , Connor Bedard 4 (Nate Schmidt 3, Oliver Ekman-Larsson 2) at 17:51
Penalties :
Quinn Hughes (COL) for Roughing (Minor) at 7:07, Jason Zucker (WPG) for Roughing (Minor) at 18:34
3rd period
6. Colorado Rockies , David Pastrnak 2 (Kyle Connor 6, Joey Daccord) at 0:23 (PP)
7. Winnipeg Jets , Ridly Greig 1 (Andre Burakovsky 2, Dylan Samberg 3) at 3:15
8. Colorado Rockies , Nikita Kucherov 6 (Jesper Bratt 3, Philipp Kurashev 4) at 9:31
9. Colorado Rockies , Victor Hedman 1 (David Pastrnak 8) at 16:59 (PP)
Penalties :
Victor Hedman (COL) for Interference (Minor) at 0:32, Connor McDavid (WPG) for Tripping (Minor) at 6:46, Joel Armia (WPG) for High sticking (Minor) at 10:53, Vince Dunn (COL) for Tripping (Minor) at 14:01, Nikita Zadorov (COL) for Fighting (Major) at 16:23, Adam Lowry (WPG) for Fighting (Major) at 16:23, Barclay Goodrow (WPG) for Delaying the game (Minor) at 16:47, Vince Dunn (COL) for Delaying the game (Minor) at 18:04
Goalie Stats
Ukko-Pekka Luukkonen (WPG), 20 saves from 24 shots - (0.833), W, 3-1-1, 60:00 minutes
Joey Daccord (COL), 20 saves from 25 shots - (0.800), L, 5-3-1, 60:00 minutes
Players Stats for Winnipeg Jets
Player Name G A P +/- PIM S H SB GA TA FO MP PP MP PK MP
------------------------------------------------------------------------------------
Adam Lowry 2 1 3 3 5 3 0 0 0 0 4/6 16:01 0:00 4:52
Alexis Lafreniere 0 0 0 -1 0 2 1 0 2 0 5/9 20:13 5:03 4:31
Andre Burakovsky 0 1 1 1 0 0 0 0 0 0 0/0 6:34 0:00 0:00
Barclay Goodrow 0 1 1 3 2 0 1 0 0 0 0/0 11:48 0:00 0:00
Connor Bedard 1 1 2 0 0 2 3 0 0 1 8/17 20:33 4:48 5:14
Connor McDavid 0 0 0 -1 4 1 0 0 4 0 12/17 18:35 5:03 2:54
Dylan Samberg 0 1 1 1 2 0 3 0 0 0 0/0 23:11 4:46 3:42
Haydn Fleury 0 0 0 1 0 2 1 0 0 0 0/0 11:35 0:00 0:00
Jason Zucker 1 0 1 3 2 3 3 1 1 0 1/3 14:38 0:00 2:11
Joel Armia 0 1 1 0 2 0 1 0 0 0 0/0 15:53 4:48 0:00
Mason Appleton 0 0 0 0 0 4 1 0 0 0 0/0 15:18 4:48 0:00
Michael Kesselring 0 0 0 1 0 0 2 0 0 0 0/0 12:01 0:00 0:39
Nate Schmidt 0 1 1 2 0 1 0 0 0 3 0/0 24:32 5:05 5:12
Oliver Ekman-Larsson 0 2 2 1 0 2 3 1 0 2 0/0 24:50 5:05 5:36
Olli Maatta 0 0 0 0 0 1 1 2 0 0 0/0 23:53 4:46 4:45
Ridly Greig 1 0 1 1 0 1 0 0 1 0 3/7 6:34 0:00 0:00
Taylor Hall 0 0 0 1 0 1 1 0 1 0 0/2 8:11 0:00 0:12
Vladislav Namestnikov 0 0 0 -1 0 2 1 1 1 0 1/1 15:36 5:03 0:00
Players Stats for Colorado Rockies
Player Name G A P +/- PIM S H SB GA TA FO MP PP MP PK MP
------------------------------------------------------------------------------------
Andrew Peeke 0 0 0 -1 0 0 1 0 0 1 0/0 15:45 0:00 4:12
David Pastrnak 1 2 3 0 0 2 4 1 1 1 1/2 21:37 4:59 4:41
Evgeny Kuznetsov 0 0 0 -1 0 0 0 0 0 0 0/0 1:23 0:00 0:00
Jesper Bratt 0 1 1 -1 0 4 1 0 1 1 0/1 21:55 4:58 5:03
Kevin Hayes 0 0 0 0 0 0 0 0 0 0 0/0 0:00 0:00 0:00
Kyle Connor 1 1 2 0 0 2 1 3 0 0 0/2 17:30 4:59 0:07
Kyle Palmieri 0 0 0 -1 0 2 1 0 0 0 0/1 11:42 0:00 0:07
Martin Fehervary 0 0 0 1 0 0 0 0 1 4 0/0 22:07 4:56 4:42
Michael Bunting 0 0 0 -2 0 2 1 0 0 0 0/0 15:14 0:00 0:00
Nick Bonino 0 0 0 -1 0 1 1 0 0 0 5/6 4:46 0:00 0:00
Nick Schmaltz 0 1 1 0 0 0 1 0 0 0 7/12 16:56 4:59 0:00
Nikita Kucherov 1 0 1 -1 0 3 3 0 0 0 1/3 25:17 4:58 4:41
Nikita Zadorov 0 0 0 1 7 2 1 1 0 1 0/0 19:44 4:56 2:31
Philipp Kurashev 0 1 1 -1 0 1 0 0 0 0 5/10 11:08 0:00 0:00
Quinn Hughes 0 0 0 -3 2 3 2 4 0 1 0/0 25:48 5:01 4:22
Tim Stutzle 0 0 0 -1 0 1 1 2 1 1 9/25 21:55 4:58 5:03
Victor Hedman 1 0 1 -3 2 1 0 2 1 0 0/0 25:08 5:01 3:55
Vince Dunn 0 0 0 -1 4 0 1 2 1 0 0/0 12:08 0:00 0:00
3 Stars
1 - David Pastrnak (COL)
2 - Adam Lowry (WPG)
3 - Connor Bedard (WPG)
Power Play
Winnipeg Jets - 0 on 5 Attempt(s) - 0.00%
Colorado Rockies - 2 on 6 Attempt(s) - 33.33%
Penalty Kill
Winnipeg Jets - 4 on 6 Attempt(s) - 66.67%
- Score 0 goal in Penalty Kill
Colorado Rockies - 5 on 5 Attempt(s) - 100.00%
- Score 0 goal in Penalty Kill
Team Stat
Winnipeg Jets - Hits : 22 - Faceoff Wins : 34 - Blocked Shots : 5 - Penalty Minutes : 17
Colorado Rockies - Hits : 19 - Faceoff Wins : 28 - Blocked Shots : 15 - Penalty Minutes : 15
Official
Referees : Kendrick Nicholson and Tom Chmielewski
Linesman : Caleb Apperson and Devin Berg
Game Notes
Nikita Zadorov and Adam Lowry fight to a draw at 16:23 of 3rd period
Finance
Level 1 -- Attendance: 6000 (100.00%) -- Ticket Income $540,000
Level 2 -- Attendance: 4728 (94.56%) -- Ticket Income $260,040
Level 3 -- Attendance: 2302 (76.73%) -- Ticket Income $80,570
Level 4 -- Attendance: 3685 (73.70%) -- Ticket Income $92,125
Luxury Box -- Attendance: 887 (88.70%) -- Ticket Income $155,225
Game was played at the Pepsi Center.
Total Attendance: 17602 (88.01%)
Total Ticket Income: $1,127,960
Other Income: $394,786
Total Income: $1,522,746
Winnipeg Jets
5 vs 5 Forward
Center Left Wing Right Wing Time % Phy DF OF
1 Connor McDavid Alexis Lafreniere Vladislav Namestnikov 30 1 2 2
2 Connor Bedard Joel Armia Mason Appleton 30 1 2 2
3 Adam Lowry Barclay Goodrow Jason Zucker 25 1 2 2
4 Ridly Greig Taylor Hall Andre Burakovsky 15 1 2 2
5 vs 5 Defense
Defense Defense Time % Phy DF OF
1 Oliver Ekman-Larsson Nate Schmidt 35 1 2 2
2 Dylan Samberg Olli Maatta 35 1 2 2
3 Haydn Fleury Michael Kesselring 30 1 2 2
4 Oliver Ekman-Larsson Nate Schmidt 0 1 2 2
PowerPlay Forward
Center Left Wing Right Wing Time % Phy DF OF
1 Connor McDavid Alexis Lafreniere Vladislav Namestnikov 50 1 2 2
2 Connor Bedard Joel Armia Mason Appleton 50 1 2 2
PowerPlay Defense
Defense Defense Time % Phy DF OF
1 Oliver Ekman-Larsson Nate Schmidt 50 1 2 2
2 Dylan Samberg Olli Maatta 50 1 2 2
Penalty Kill 4 Players Forward
Center Wing Time % Phy DF OF
1 Connor McDavid Connor Bedard 50 1 2 2
2 Alexis Lafreniere Adam Lowry 50 1 2 2
Penalty Kill 4 Players Defense
Defense Defense Time % Phy DF OF
1 Oliver Ekman-Larsson Nate Schmidt 50 1 2 2
2 Dylan Samberg Olli Maatta 50 1 2 2
Penalty Kill - 3 Players Forward
Forward Time % Phy DF OF
1 Connor McDavid 50 1 2 2
2 Connor Bedard 50 1 2 2
Penalty Kill - 3 Players Defense
Defense Defense Time % Phy DF OF
1 Oliver Ekman-Larsson Nate Schmidt 50 1 2 2
2 Dylan Samberg Olli Maatta 50 1 2 2
4 vs 4 Forward
Center Wing Time % Phy DF OF
1 Connor McDavid Connor Bedard 50 1 2 2
2 Alexis Lafreniere Adam Lowry 50 1 2 2
4 vs 4 Defense
Defense Defense Time % Phy DF OF
1 Oliver Ekman-Larsson Nate Schmidt 50 1 2 2
2 Dylan Samberg Olli Maatta 50 1 2 2
Last Minutes Offensive
Center Left Wing Right Wing Defense Defense
Connor McDavid Alexis Lafreniere Vladislav Namestnikov Oliver Ekman-Larsson Nate Schmidt
Last Minutes Defensive
Center Left Wing Right Wing Defense Defense
Connor McDavid Alexis Lafreniere Vladislav Namestnikov Oliver Ekman-Larsson Nate Schmidt
Goaltenders
Starting : Ukko-Pekka Luukkonen
Backup : Martin Jones
Extra Forwards
Normal : Taylor Hall, Barclay Goodrow, Jason Zucker - PP : Taylor Hall, Barclay Goodrow - PK : Jason Zucker
Extra Defensemen
Normal : Haydn Fleury, Michael Kesselring, Dylan Samberg - PP : Haydn Fleury - PK : Michael Kesselring, Dylan Samberg
Penalty Shots
Connor McDavid, Connor Bedard, Alexis Lafreniere, Adam Lowry, Vladislav Namestnikov
Scratches
Sam Steel (Healthy), Brayden Pachal (Healthy)
Colorado Rockies
5 vs 5 Forward
Center Left Wing Right Wing Time % Phy DF OF
1 Tim Stutzle Jesper Bratt Nikita Kucherov 30 1 2 2
2 Nick Schmaltz Kyle Connor David Pastrnak 30 1 2 2
3 Philipp Kurashev Kyle Palmieri Michael Bunting 25 1 2 2
4 Nick Bonino Michael Bunting Nikita Kucherov 15 1 2 2
5 vs 5 Defense
Defense Defense Time % Phy DF OF
1 Victor Hedman Quinn Hughes 30 1 2 2
2 Nikita Zadorov Martin Fehervary 30 1 2 2
3 Vince Dunn Andrew Peeke 25 1 2 2
4 Victor Hedman Quinn Hughes 15 1 2 2
PowerPlay Forward
Center Left Wing Right Wing Time % Phy DF OF
1 Tim Stutzle Jesper Bratt Nikita Kucherov 50 1 2 2
2 Nick Schmaltz Kyle Connor David Pastrnak 50 1 2 2
PowerPlay Defense
Defense Defense Time % Phy DF OF
1 Victor Hedman Quinn Hughes 50 1 2 2
2 Nikita Zadorov Martin Fehervary 50 1 2 2
Penalty Kill 4 Players Forward
Center Wing Time % Phy DF OF
1 Nikita Kucherov David Pastrnak 50 1 2 2
2 Tim Stutzle Jesper Bratt 50 1 2 2
Penalty Kill 4 Players Defense
Defense Defense Time % Phy DF OF
1 Victor Hedman Quinn Hughes 50 1 2 2
2 Nikita Zadorov Martin Fehervary 50 1 2 2
Penalty Kill - 3 Players Forward
Forward Time % Phy DF OF
1 Nikita Kucherov 50 1 2 2
2 David Pastrnak 50 1 2 2
Penalty Kill - 3 Players Defense
Defense Defense Time % Phy DF OF
1 Victor Hedman Quinn Hughes 50 1 2 2
2 Nikita Zadorov Martin Fehervary 50 1 2 2
4 vs 4 Forward
Center Wing Time % Phy DF OF
1 Nikita Kucherov David Pastrnak 50 1 2 2
2 Tim Stutzle Jesper Bratt 50 1 2 2
4 vs 4 Defense
Defense Defense Time % Phy DF OF
1 Victor Hedman Quinn Hughes 50 1 2 2
2 Nikita Zadorov Martin Fehervary 50 1 2 2
Last Minutes Offensive
Center Left Wing Right Wing Defense Defense
Tim Stutzle Jesper Bratt Nikita Kucherov Victor Hedman Quinn Hughes
Last Minutes Defensive
Center Left Wing Right Wing Defense Defense
Tim Stutzle Jesper Bratt Nikita Kucherov Victor Hedman Quinn Hughes
Goaltenders
Starting : Joey Daccord
Backup : Daniil Tarasov
Extra Forwards
Normal : Evgeny Kuznetsov, Kevin Hayes, Kyle Palmieri - PP : Evgeny Kuznetsov, Kevin Hayes - PK : Kyle Palmieri
Extra Defensemen
Normal : Vince Dunn, Andrew Peeke, Nikita Zadorov - PP : Vince Dunn - PK : Andrew Peeke, Nikita Zadorov
Penalty Shots
Nikita Kucherov, David Pastrnak, Tim Stutzle, Jesper Bratt, Kyle Connor
Scratches
None
% Time on Ice - Winnipeg Jets
Lines # - Real PCT - Wanted PCT - Time Play
Normal Forward
1 - 26% - 30% - 10:34
2 - 28% - 30% - 11:15
3 - 29% - 25% - 11:49
4 - 16% - 15% - 6:34
Normal Defense
1 - 35% - 35% - 14:12
2 - 37% - 35% - 14:41
3 - 28% - 30% - 11:19
4 - 0% - 0% - 0:00
PP Forward
1 - 51% - 50% - 5:03
2 - 49% - 50% - 4:48
PP Defense
1 - 52% - 50% - 5:05
2 - 48% - 50% - 4:46
PK Forward
1 - 53% - 50% - 5:14
2 - 47% - 50% - 4:43
PK Defense
1 - 50% - 50% - 5:00
2 - 50% - 50% - 4:57
PK3 Forward
1 - 0% - 50%
2 - 0% - 50%
PK3 Defense
1 - 0% - 50%
2 - 0% - 50%
44 Forward
1 - 0% - 50%
2 - 0% - 50%
44 Defense
1 - 0% - 50%
2 - 0% - 50%
Last Minute Offensive - 0:00
Last Minute Defensive - 0:00
Total
Forward - 60:00
Defense - 60:00
|
% Time on Ice - Colorado Rockies
Lines # - Real PCT - Wanted PCT - Time Play
Normal Forward
1 - 30% - 30% - 12:02
2 - 31% - 30% - 12:16
3 - 28% - 25% - 11:08
4 - 12% - 15% - 4:46
Normal Defense
1 - 31% - 30% - 12:34
2 - 32% - 30% - 12:58
3 - 25% - 25% - 10:12
4 - 11% - 15% - 4:28
PP Forward
1 - 50% - 50% - 4:58
2 - 50% - 50% - 4:59
PP Defense
1 - 50% - 50% - 5:01
2 - 50% - 50% - 4:56
PK Forward
1 - 49% - 50% - 4:48
2 - 51% - 50% - 5:03
PK Defense
1 - 50% - 50% - 4:57
2 - 50% - 50% - 4:54
PK3 Forward
1 - 0% - 50%
2 - 0% - 50%
PK3 Defense
1 - 0% - 50%
2 - 0% - 50%
44 Forward
1 - 0% - 50%
2 - 0% - 50%
44 Defense
1 - 0% - 50%
2 - 0% - 50%
Last Minute Offensive - 0:00
Last Minute Defensive - 0:00
Total
Forward - 60:00
Defense - 60:00
|
Play-by-Play
1st period
0:01 of 1st period - Tim Stutzle wins face-off versus Connor McDavid in neutral zone.
0:12 of 1st period - Wrist shot by Jesper Bratt.
0:12 of 1st period - Stopped by Ukko-Pekka Luukkonen without a rebound.
0:13 of 1st period - Nick Schmaltz wins face-off versus Connor Bedard in Winnipeg Jets zone.
0:24 of 1st period - Slapshot by David Pastrnak.
0:24 of 1st period - Shot Misses the Net.
0:26 of 1st period - Snap shot by Kyle Connor.
0:26 of 1st period - Goal by Kyle Connor - Winnipeg Jets : 0 - Colorado Rockies : 1.
0:27 of 1st period - Adam Lowry wins face-off versus Philipp Kurashev in neutral zone.
0:40 of 1st period - Wrist shot by Jason Zucker.
0:40 of 1st period - Deflect By Adam Lowry.
0:40 of 1st period - Shot Blocked by Vince Dunn.
0:40 of 1st period - Puck is out of play.
0:41 of 1st period - Ridly Greig wins face-off versus Nick Bonino in Colorado Rockies zone.
1:08 of 1st period - Oliver Ekman-Larsson is hit by Nick Schmaltz and loses puck.
1:33 of 1st period - Slapshot by Nikita Kucherov.
1:33 of 1st period - Shot Blocked by Olli Maatta.
2:05 of 1st period - Dylan Samberg is hit by David Pastrnak and loses puck.
2:56 of 1st period - Minor Penalty to Connor McDavid for Slashing.
2:57 of 1st period - Jason Zucker wins face-off versus Tim Stutzle in Winnipeg Jets zone.
3:51 of 1st period - Icing by Jesper Bratt.
3:52 of 1st period - Tim Stutzle wins face-off versus Jason Zucker in Colorado Rockies zone.
4:07 of 1st period - Backhand shot by David Pastrnak.
4:07 of 1st period - Shot Blocked by Jason Zucker.
4:09 of 1st period - Slapshot by Nikita Zadorov.
4:09 of 1st period - Shot Blocked by Olli Maatta.
4:11 of 1st period - Slapshot by Martin Fehervary.
4:11 of 1st period - Shot Misses the Net.
4:56 of 1st period - Penalty to Connor McDavid is over, Connor McDavid is back on ice.
5:12 of 1st period - Snap shot by Philipp Kurashev.
5:12 of 1st period - Stopped by Ukko-Pekka Luukkonen without a rebound.
5:13 of 1st period - Connor McDavid wins face-off versus Philipp Kurashev in Winnipeg Jets zone.
5:42 of 1st period - Snap shot by Mason Appleton.
5:42 of 1st period - Stopped by Joey Daccord without a rebound.
5:43 of 1st period - Tim Stutzle wins face-off versus Connor Bedard in Colorado Rockies zone.
5:57 of 1st period - Icing by Victor Hedman.
5:58 of 1st period - Adam Lowry wins face-off versus Tim Stutzle in Colorado Rockies zone.
6:05 of 1st period - Slapshot by Adam Lowry.
6:05 of 1st period - Shot Blocked by Quinn Hughes.
6:22 of 1st period - Adam Lowry is hit by Tim Stutzle.
6:28 of 1st period - Wrist shot by Adam Lowry.
6:28 of 1st period - Goal by Adam Lowry - Winnipeg Jets : 1 - Colorado Rockies : 1.
6:29 of 1st period - Nick Schmaltz wins face-off versus Connor Bedard in neutral zone.
6:36 of 1st period - Slapshot by Nick Schmaltz.
6:36 of 1st period - Shot Misses the Net.
7:32 of 1st period - Nikita Zadorov is hit by Barclay Goodrow and loses puck.
7:45 of 1st period - Snap shot by Andre Burakovsky.
7:45 of 1st period - Shot Misses the Net.
8:03 of 1st period - Andrew Peeke is hit by Oliver Ekman-Larsson and loses puck.
8:08 of 1st period - Slapshot by Connor Bedard.
8:08 of 1st period - Deflect By Mason Appleton.
8:08 of 1st period - Deflect By Philipp Kurashev.
8:08 of 1st period - Shot Misses the Net.
8:08 of 1st period - Puck is out of play.
8:09 of 1st period - Connor Bedard wins face-off versus Philipp Kurashev in Colorado Rockies zone.
10:14 of 1st period - Icing by Adam Lowry.
10:15 of 1st period - Connor Bedard wins face-off versus Philipp Kurashev in Winnipeg Jets zone.
10:37 of 1st period - Wrist shot by Nikita Kucherov.
10:37 of 1st period - Stopped by Ukko-Pekka Luukkonen with a rebound.
10:45 of 1st period - Wrist shot by Jesper Bratt.
10:45 of 1st period - Shot Blocked by Vladislav Namestnikov.
10:51 of 1st period - Minor Penalty to Dylan Samberg for Roughing.
10:52 of 1st period - Alexis Lafreniere wins face-off versus Kyle Connor in Winnipeg Jets zone.
11:19 of 1st period - Tim Stutzle is hit by Oliver Ekman-Larsson and loses puck.
12:51 of 1st period - Penalty to Dylan Samberg is over, Dylan Samberg is back on ice.
13:00 of 1st period - Michael Bunting is hit by Michael Kesselring and loses puck.
13:23 of 1st period - Snap shot by Adam Lowry.
13:23 of 1st period - Goal by Adam Lowry - Winnipeg Jets : 2 - Colorado Rockies : 1.
13:24 of 1st period - Connor McDavid wins face-off versus Nick Schmaltz in neutral zone.
13:45 of 1st period - Minor Penalty to Nikita Zadorov for Holding.
13:46 of 1st period - Connor McDavid wins face-off versus Nikita Kucherov in Colorado Rockies zone.
13:57 of 1st period - Snap shot by Vladislav Namestnikov.
13:57 of 1st period - Stopped by Joey Daccord without a rebound.
13:58 of 1st period - Tim Stutzle wins face-off versus Connor Bedard in Colorado Rockies zone.
15:45 of 1st period - Penalty to Nikita Zadorov is over, Nikita Zadorov is back on ice.
16:03 of 1st period - Snap shot by Philipp Kurashev.
16:03 of 1st period - Shot Hit the Post.
16:25 of 1st period - David Pastrnak is hit by Michael Kesselring and loses puck.
16:30 of 1st period - Snap shot by Ridly Greig.
16:30 of 1st period - Shot Blocked by David Pastrnak.
16:32 of 1st period - Snap shot by Ridly Greig.
16:32 of 1st period - Shot Misses the Net.
16:34 of 1st period - Slapshot by Haydn Fleury.
16:34 of 1st period - Stopped by Joey Daccord with a rebound.
16:44 of 1st period - Nick Schmaltz is hit by Vladislav Namestnikov and loses puck.
18:53 of 1st period - Snap shot by Ridly Greig.
18:53 of 1st period - Shot Misses the Net.
18:55 of 1st period - Slapshot by Haydn Fleury.
18:55 of 1st period - Stopped by Joey Daccord with a rebound.
19:19 of 1st period - Snap shot by Connor Bedard.
19:19 of 1st period - Shot Misses the Net.
19:25 of 1st period - Connor Bedard is hit by Nick Bonino.
19:35 of 1st period - Philipp Kurashev is hit by Jason Zucker and loses puck.
19:55 of 1st period - Icing by Ridly Greig.
19:56 of 1st period - Tim Stutzle wins face-off versus Ridly Greig in Winnipeg Jets zone.
Goals for this period are 2 for Winnipeg Jets vs 1 for Colorado Rockies.
Shots for this period are 6 for Winnipeg Jets vs 4 for Colorado Rockies.
2nd period
0:01 of 2nd period - Connor McDavid wins face-off versus Tim Stutzle in neutral zone.
0:06 of 2nd period - Snap shot by Connor McDavid.
0:06 of 2nd period - Shot Blocked by Vince Dunn.
0:26 of 2nd period - Joel Armia is hit by Andrew Peeke and loses puck.
1:19 of 2nd period - Wrist shot by Jesper Bratt.
1:19 of 2nd period - Stopped by Ukko-Pekka Luukkonen with a rebound.
1:21 of 2nd period - Slapshot by Quinn Hughes.
1:21 of 2nd period - Shot Misses the Net.
2:44 of 2nd period - Taylor Hall is hit by Nikita Kucherov and loses puck.
2:57 of 2nd period - Wrist shot by Connor Bedard.
2:57 of 2nd period - Deflect By Mason Appleton.
2:57 of 2nd period - Stopped by Joey Daccord without a rebound.
2:58 of 2nd period - David Pastrnak wins face-off versus Connor Bedard in Colorado Rockies zone.
2:58 of 2nd period - David Pastrnak is hit by Connor Bedard.
3:14 of 2nd period - Joel Armia is hit by Quinn Hughes.
3:22 of 2nd period - Slapshot by Quinn Hughes.
3:22 of 2nd period - Stopped by Ukko-Pekka Luukkonen without a rebound.
3:23 of 2nd period - Connor McDavid wins face-off versus Tim Stutzle in Winnipeg Jets zone.
4:00 of 2nd period - Slapshot by Jason Zucker.
4:00 of 2nd period - Stopped by Joey Daccord without a rebound.
4:01 of 2nd period - Connor Bedard wins face-off versus Tim Stutzle in Colorado Rockies zone.
4:04 of 2nd period - Snap shot by Mason Appleton.
4:04 of 2nd period - Shot Misses the Net.
4:53 of 2nd period - Wrist shot by Kyle Palmieri.
4:53 of 2nd period - Stopped by Ukko-Pekka Luukkonen with a rebound.
4:55 of 2nd period - Snap shot by Quinn Hughes.
4:55 of 2nd period - Stopped by Ukko-Pekka Luukkonen with a rebound.
5:21 of 2nd period - Snap shot by Jason Zucker.
5:21 of 2nd period - Goal by Jason Zucker - Winnipeg Jets : 3 - Colorado Rockies : 1.
5:22 of 2nd period - Connor McDavid wins face-off versus Tim Stutzle in neutral zone.
5:31 of 2nd period - Alexis Lafreniere is hit by Jesper Bratt and loses puck.
6:00 of 2nd period - Wrist shot by Mason Appleton.
6:00 of 2nd period - Stopped by Joey Daccord with a rebound.
6:02 of 2nd period - Slapshot by Oliver Ekman-Larsson.
6:02 of 2nd period - Stopped by Joey Daccord with a rebound.
6:14 of 2nd period - Olli Maatta is hit by Kyle Palmieri and loses puck.
6:52 of 2nd period - Snap shot by Connor McDavid.
6:52 of 2nd period - Shot Misses the Net.
7:01 of 2nd period - Snap shot by Connor McDavid.
7:01 of 2nd period - Stopped by Joey Daccord with a rebound.
7:07 of 2nd period - Minor Penalty to Quinn Hughes for Roughing.
7:08 of 2nd period - Connor Bedard wins face-off versus Tim Stutzle in Colorado Rockies zone.
7:23 of 2nd period - Slapshot by Tim Stutzle.
7:23 of 2nd period - Stopped by Ukko-Pekka Luukkonen with a rebound.
9:07 of 2nd period - Penalty to Quinn Hughes is over, Quinn Hughes is back on ice.
9:15 of 2nd period - Nikita Zadorov is hit by Dylan Samberg and loses puck.
9:37 of 2nd period - Snap shot by Nikita Kucherov.
9:37 of 2nd period - Stopped by Ukko-Pekka Luukkonen with a rebound.
9:43 of 2nd period - Nick Bonino is hit by Taylor Hall and loses puck.
11:33 of 2nd period - Alexis Lafreniere is hit by Michael Bunting.
11:51 of 2nd period - Martin Fehervary is hit by Oliver Ekman-Larsson and loses puck.
12:35 of 2nd period - Vince Dunn is hit by Jason Zucker and loses puck.
13:04 of 2nd period - Snap shot by Alexis Lafreniere.
13:04 of 2nd period - Stopped by Joey Daccord without a rebound.
13:05 of 2nd period - Ridly Greig wins face-off versus Nick Schmaltz in Colorado Rockies zone.
13:06 of 2nd period - Wrist shot by Andre Burakovsky.
13:06 of 2nd period - Shot Hit the Post.
13:08 of 2nd period - Wrist shot by Ridly Greig.
13:08 of 2nd period - Deflect By Taylor Hall.
13:08 of 2nd period - Shot Blocked by Kyle Connor.
13:08 of 2nd period - Puck is out of play.
13:09 of 2nd period - Tim Stutzle wins face-off versus Ridly Greig in Colorado Rockies zone.
13:20 of 2nd period - Snap shot by Jesper Bratt.
13:20 of 2nd period - Stopped by Ukko-Pekka Luukkonen without a rebound.
13:21 of 2nd period - Nick Bonino wins face-off versus Connor Bedard in Winnipeg Jets zone.
13:48 of 2nd period - Vladislav Namestnikov is hit by Nikita Zadorov and loses puck.
13:55 of 2nd period - Wrist shot by David Pastrnak.
13:55 of 2nd period - Stopped by Ukko-Pekka Luukkonen without a rebound.
13:56 of 2nd period - Nick Schmaltz wins face-off versus Connor McDavid in Winnipeg Jets zone.
14:33 of 2nd period - Icing by Barclay Goodrow.
14:34 of 2nd period - Adam Lowry wins face-off versus Philipp Kurashev in Winnipeg Jets zone.
14:49 of 2nd period - Kyle Palmieri is hit by Jason Zucker and loses puck.
15:46 of 2nd period - Slapshot by Adam Lowry.
15:46 of 2nd period - Stopped by Joey Daccord with a rebound.
16:08 of 2nd period - Wrist shot by Kyle Palmieri.
16:08 of 2nd period - Stopped by Ukko-Pekka Luukkonen with a rebound.
16:14 of 2nd period - Slapshot by Michael Bunting.
16:14 of 2nd period - Stopped by Ukko-Pekka Luukkonen without a rebound.
16:15 of 2nd period - Connor Bedard wins face-off versus Tim Stutzle in Winnipeg Jets zone.
16:22 of 2nd period - Slapshot by Nate Schmidt.
16:22 of 2nd period - Deflect By Connor Bedard.
16:22 of 2nd period - Stopped by Joey Daccord without a rebound.
16:23 of 2nd period - Tim Stutzle wins face-off versus Connor Bedard in Colorado Rockies zone.
16:28 of 2nd period - Connor Bedard is hit by Quinn Hughes and loses puck.
17:25 of 2nd period - Snap shot by Mason Appleton.
17:25 of 2nd period - Shot Blocked by Quinn Hughes.
17:27 of 2nd period - Slapshot by Nate Schmidt.
17:27 of 2nd period - Shot Misses the Net.
17:29 of 2nd period - Snap shot by Joel Armia.
17:29 of 2nd period - Shot Misses the Net.
17:45 of 2nd period - Wrist shot by Mason Appleton.
17:45 of 2nd period - Shot Misses the Net.
17:47 of 2nd period - Wrist shot by Oliver Ekman-Larsson.
17:47 of 2nd period - Shot Hit the Post.
17:49 of 2nd period - Slapshot by Nate Schmidt.
17:49 of 2nd period - Shot Blocked by Victor Hedman.
17:51 of 2nd period - Snap shot by Connor Bedard.
17:51 of 2nd period - Goal by Connor Bedard - Winnipeg Jets : 4 - Colorado Rockies : 1.
17:52 of 2nd period - Connor McDavid wins face-off versus David Pastrnak in neutral zone.
18:28 of 2nd period - Slapshot by Kyle Palmieri.
18:28 of 2nd period - Shot Misses the Net.
18:34 of 2nd period - Minor Penalty to Jason Zucker for Roughing.
18:35 of 2nd period - Nick Schmaltz wins face-off versus Alexis Lafreniere in Winnipeg Jets zone.
19:07 of 2nd period - Off-side.
19:08 of 2nd period - Alexis Lafreniere wins face-off versus Tim Stutzle in neutral zone.
19:13 of 2nd period - Snap shot by Oliver Ekman-Larsson.
19:13 of 2nd period - Stopped by Joey Daccord with a rebound.
Goals for this period are 2 for Winnipeg Jets vs 0 for Colorado Rockies.
Shots for this period are 11 for Winnipeg Jets vs 10 for Colorado Rockies.
3rd period
0:01 of 3rd period - Nick Schmaltz wins face-off versus Alexis Lafreniere in neutral zone.
0:06 of 3rd period - Snap shot by Kyle Connor.
0:06 of 3rd period - Stopped by Ukko-Pekka Luukkonen without a rebound.
0:07 of 3rd period - Alexis Lafreniere wins face-off versus Nick Schmaltz in Winnipeg Jets zone.
0:07 of 3rd period - Alexis Lafreniere is hit by David Pastrnak.
0:23 of 3rd period - Wrist shot by David Pastrnak.
0:23 of 3rd period - Goal by David Pastrnak - Winnipeg Jets : 4 - Colorado Rockies : 2.
0:24 of 3rd period - Nick Bonino wins face-off versus Connor McDavid in neutral zone.
0:26 of 3rd period - Off-side.
0:27 of 3rd period - Nick Bonino wins face-off versus Connor McDavid in neutral zone.
0:32 of 3rd period - Minor Penalty to Victor Hedman for Interference.
0:33 of 3rd period - Connor McDavid wins face-off versus Tim Stutzle in Colorado Rockies zone.
0:38 of 3rd period - Backhand shot by Alexis Lafreniere.
0:38 of 3rd period - Shot Misses the Net.
0:40 of 3rd period - Snap shot by Olli Maatta.
0:40 of 3rd period - Shot Blocked by Tim Stutzle.
0:44 of 3rd period - Snap shot by Vladislav Namestnikov.
0:44 of 3rd period - Shot Misses the Net.
0:46 of 3rd period - Snap shot by Alexis Lafreniere.
0:46 of 3rd period - Shot Blocked by Tim Stutzle.
0:48 of 3rd period - Slapshot by Olli Maatta.
0:48 of 3rd period - Shot Hit the Post.
1:06 of 3rd period - David Pastrnak is hit by Dylan Samberg and loses puck.
2:32 of 3rd period - Penalty to Victor Hedman is over, Victor Hedman is back on ice.
2:46 of 3rd period - Adam Lowry is hit by Vince Dunn.
2:50 of 3rd period - Vince Dunn is hit by Dylan Samberg and loses puck.
2:57 of 3rd period - Dylan Samberg is hit by Kyle Connor and loses puck.
3:15 of 3rd period - Wrist shot by Ridly Greig.
3:15 of 3rd period - Goal by Ridly Greig - Winnipeg Jets : 5 - Colorado Rockies : 2.
3:16 of 3rd period - Connor McDavid wins face-off versus Nikita Kucherov in neutral zone.
3:51 of 3rd period - Wrist shot by Michael Bunting.
3:51 of 3rd period - Stopped by Ukko-Pekka Luukkonen with a rebound.
3:53 of 3rd period - Backhand shot by Nikita Zadorov.
3:53 of 3rd period - Stopped by Ukko-Pekka Luukkonen without a rebound.
3:54 of 3rd period - Connor Bedard wins face-off versus Nick Schmaltz in Winnipeg Jets zone.
4:21 of 3rd period - Tim Stutzle is hit by Haydn Fleury and loses puck.
4:46 of 3rd period - Snap shot by Jason Zucker.
4:46 of 3rd period - Stopped by Joey Daccord with a rebound.
4:48 of 3rd period - Wrist shot by Haydn Fleury.
4:48 of 3rd period - Shot Misses the Net.
5:14 of 3rd period - Slapshot by Mason Appleton.
5:14 of 3rd period - Shot Blocked by Nikita Zadorov.
5:39 of 3rd period - David Pastrnak is hit by Olli Maatta and loses puck.
6:18 of 3rd period - Icing by Jesper Bratt.
6:19 of 3rd period - Philipp Kurashev wins face-off versus Ridly Greig in Colorado Rockies zone.
6:23 of 3rd period - Icing by Michael Bunting.
6:24 of 3rd period - Ridly Greig wins face-off versus Kyle Palmieri in Colorado Rockies zone.
6:25 of 3rd period - Snap shot by Andre Burakovsky.
6:25 of 3rd period - Shot Misses the Net.
6:27 of 3rd period - Slapshot by Olli Maatta.
6:27 of 3rd period - Stopped by Joey Daccord with a rebound.
6:29 of 3rd period - Wrist shot by Ridly Greig.
6:29 of 3rd period - Shot Misses the Net.
6:31 of 3rd period - Slapshot by Taylor Hall.
6:31 of 3rd period - Stopped by Joey Daccord without a rebound.
6:32 of 3rd period - Connor McDavid wins face-off versus Tim Stutzle in Colorado Rockies zone.
6:37 of 3rd period - Wrist shot by Alexis Lafreniere.
6:37 of 3rd period - Shot Misses the Net.
6:46 of 3rd period - Minor Penalty to Connor McDavid for Tripping.
6:47 of 3rd period - Nick Schmaltz wins face-off versus Alexis Lafreniere in Winnipeg Jets zone.
7:01 of 3rd period - Wrist shot by David Pastrnak.
7:01 of 3rd period - Shot Misses the Net.
7:22 of 3rd period - Off-side.
7:23 of 3rd period - Alexis Lafreniere wins face-off versus Tim Stutzle in neutral zone.
8:26 of 3rd period - Olli Maatta is hit by David Pastrnak and loses puck.
8:46 of 3rd period - Penalty to Connor McDavid is over, Connor McDavid is back on ice.
8:56 of 3rd period - Off-side.
8:57 of 3rd period - Philipp Kurashev wins face-off versus Ridly Greig in neutral zone.
9:13 of 3rd period - Slapshot by Taylor Hall.
9:13 of 3rd period - Shot Misses the Net.
9:31 of 3rd period - Snap shot by Nikita Kucherov.
9:31 of 3rd period - Goal by Nikita Kucherov - Winnipeg Jets : 5 - Colorado Rockies : 3.
9:32 of 3rd period - Vladislav Namestnikov wins face-off versus Kyle Connor in neutral zone.
9:35 of 3rd period - Wrist shot by Alexis Lafreniere.
9:35 of 3rd period - Shot Blocked by Kyle Connor.
9:37 of 3rd period - Wrist shot by Vladislav Namestnikov.
9:37 of 3rd period - Shot Blocked by Quinn Hughes.
9:39 of 3rd period - Slapshot by Oliver Ekman-Larsson.
9:39 of 3rd period - Shot Misses the Net.
9:41 of 3rd period - Wrist shot by Connor McDavid.
9:41 of 3rd period - Shot Blocked by Quinn Hughes.
9:43 of 3rd period - Slapshot by Oliver Ekman-Larsson.
9:43 of 3rd period - Shot Blocked by Kyle Connor.
9:45 of 3rd period - Wrist shot by Connor McDavid.
9:45 of 3rd period - Shot Blocked by Victor Hedman.
9:47 of 3rd period - Slapshot by Nate Schmidt.
9:47 of 3rd period - Stopped by Joey Daccord without a rebound.
9:48 of 3rd period - Connor Bedard wins face-off versus Tim Stutzle in Colorado Rockies zone.
10:15 of 3rd period - Victor Hedman is hit by Alexis Lafreniere and loses puck.
10:22 of 3rd period - Slapshot by Alexis Lafreniere.
10:22 of 3rd period - Shot Misses the Net.
10:29 of 3rd period - Icing by Victor Hedman.
10:30 of 3rd period - Philipp Kurashev wins face-off versus Adam Lowry in Colorado Rockies zone.
10:39 of 3rd period - Snap shot by Philipp Kurashev.
10:39 of 3rd period - Shot Misses the Net.
10:41 of 3rd period - Wrist shot by Victor Hedman.
10:41 of 3rd period - Shot Blocked by Oliver Ekman-Larsson.
10:43 of 3rd period - Backhand shot by Quinn Hughes.
10:43 of 3rd period - Stopped by Ukko-Pekka Luukkonen without a rebound.
10:44 of 3rd period - Tim Stutzle wins face-off versus Connor Bedard in Winnipeg Jets zone.
10:45 of 3rd period - Snap shot by Jesper Bratt.
10:45 of 3rd period - Stopped by Ukko-Pekka Luukkonen with a rebound.
10:47 of 3rd period - Slapshot by Nikita Zadorov.
10:47 of 3rd period - Stopped by Ukko-Pekka Luukkonen with a rebound.
10:49 of 3rd period - Slapshot by Nikita Zadorov.
10:49 of 3rd period - Deflect By Tim Stutzle.
10:49 of 3rd period - Deflect By Connor Bedard.
10:49 of 3rd period - Shot Misses the Net.
10:49 of 3rd period - Puck is out of play.
10:50 of 3rd period - Connor Bedard wins face-off versus Tim Stutzle in Winnipeg Jets zone.
10:50 of 3rd period - Connor Bedard is hit by Nikita Kucherov.
10:53 of 3rd period - Minor Penalty to Joel Armia for High sticking.
10:54 of 3rd period - Adam Lowry wins face-off versus Tim Stutzle in Winnipeg Jets zone.
11:09 of 3rd period - Off-side.
11:10 of 3rd period - Nick Schmaltz wins face-off versus Alexis Lafreniere in neutral zone.
11:13 of 3rd period - Adam Lowry is hit by David Pastrnak and loses puck.
11:36 of 3rd period - Nate Schmidt is hit by Nikita Kucherov and loses puck.
12:53 of 3rd period - Penalty to Joel Armia is over, Joel Armia is back on ice.
14:01 of 3rd period - Minor Penalty to Vince Dunn for Tripping.
14:02 of 3rd period - Connor McDavid wins face-off versus Tim Stutzle in Colorado Rockies zone.
14:03 of 3rd period - Wrist shot by Alexis Lafreniere.
14:03 of 3rd period - Stopped by Joey Daccord with a rebound.
14:05 of 3rd period - Backhand shot by Vladislav Namestnikov.
14:05 of 3rd period - Stopped by Joey Daccord without a rebound.
14:06 of 3rd period - Connor McDavid wins face-off versus Jesper Bratt in Colorado Rockies zone.
15:27 of 3rd period - David Pastrnak is hit by Mason Appleton and loses puck.
16:01 of 3rd period - Penalty to Vince Dunn is over, Vince Dunn is back on ice.
16:01 of 3rd period - Tim Stutzle is hit by Joel Armia and loses puck.
16:09 of 3rd period - Icing by Quinn Hughes.
16:10 of 3rd period - Philipp Kurashev wins face-off versus Jason Zucker in Colorado Rockies zone.
16:22 of 3rd period - Wrist shot by Adam Lowry.
16:22 of 3rd period - Deflect By Barclay Goodrow.
16:22 of 3rd period - Shot Misses the Net.
16:22 of 3rd period - Puck is out of play.
16:23 of 3rd period - Philipp Kurashev wins face-off versus Adam Lowry in Colorado Rockies zone.
16:23 of 3rd period - Nikita Zadorov and Adam Lowry fight to a draw.
16:23 of 3rd period - Penalty to Nikita Zadorov for Fighting.
16:23 of 3rd period - Penalty to Adam Lowry for Fighting.
16:24 of 3rd period - Nick Bonino wins face-off versus Taylor Hall in Colorado Rockies zone.
16:39 of 3rd period - Snap shot by Nikita Kucherov.
16:39 of 3rd period - Shot Misses the Net.
16:41 of 3rd period - Slapshot by Nick Bonino.
16:41 of 3rd period - Stopped by Ukko-Pekka Luukkonen with a rebound.
16:47 of 3rd period - Minor Penalty to Barclay Goodrow for Delaying the game.
16:48 of 3rd period - Alexis Lafreniere wins face-off versus Nick Schmaltz in Winnipeg Jets zone.
16:59 of 3rd period - Slapshot by Victor Hedman.
16:59 of 3rd period - Goal by Victor Hedman - Winnipeg Jets : 5 - Colorado Rockies : 4.
17:00 of 3rd period - Nick Bonino wins face-off versus Taylor Hall in neutral zone.
17:58 of 3rd period - Wrist shot by Mason Appleton.
17:58 of 3rd period - Stopped by Joey Daccord with a rebound.
18:04 of 3rd period - Minor Penalty to Vince Dunn for Delaying the game.
18:05 of 3rd period - Tim Stutzle wins face-off versus Connor Bedard in Colorado Rockies zone.
18:16 of 3rd period - Jesper Bratt is hit by Connor Bedard and loses puck.
18:35 of 3rd period - Off-side.
18:36 of 3rd period - Nikita Kucherov wins face-off versus Connor McDavid in neutral zone.
18:47 of 3rd period - Wrist shot by Alexis Lafreniere.
18:47 of 3rd period - Shot Misses the Net.
19:35 of 3rd period - Jesper Bratt is hit by Connor Bedard and loses puck.
Goals for this period are 1 for Winnipeg Jets vs 3 for Colorado Rockies.
Shots for this period are 8 for Winnipeg Jets vs 10 for Colorado Rockies.
Back to the Top